 Dungeon Crawl Stone Soup version 0.31.0-11-ge490571c62 (webtiles) character file.

Game seed: 13997983612911029830

498 SnakkuSnakku7 the Changeling (level 7, -1/45 HPs)
             Began as a Djinni Chaos Knight on Jan 28, 2024.
             Was a Plaything of Xom.
             Slain by a goblin
             ... wielding a +0 club
             ... led by Robin
              (6 damage)
             ... on level 4 of the Dungeon.
             The game lasted 00:04:12 (2743 turns).

SnakkuSnakku7 the Changeling (Djinni Chaos Knight)  Turns: 2743, Time: 00:04:13

Health: -1/45      AC:  5    Str: 12    XL:     7   Next: 39%
Gold:   135        EV: 11    Int: 17    God:    Xom [...*..] SH:  0 Dex: 12

rFire   + + .        a - +0 whip (elec)
rCold   x . .        (no shield)
rNeg    . . .        b - +2 leather armour
rPois   ∞            (no helmet)
rElec   .            (no cloak)
rCorr   .            (no gloves)
SInv    .            (boots unavailable)
Will    .....        (no amulet)
Stlth   +            (no ring)
HPRegen 0.27/turn    (no ring)
MPRegen 0.00/turn

%: infuse magic (-2 HP)
@: flying
A: sickness immunity, fire resistance 2, cold vulnerability 1, float, innate
caster, HP casting, extra vitality 1, clever 1, frail 1, inability to read after
injury 1
a: Renounce Religion


You were on level 4 of the Dungeon.
You worshipped Xom.
You were a favourite toy of Xom.
You visited 1 branch of the dungeon, and saw 4 of its levels.

You collected 135 gold pieces.

Inventory:

Hand Weapons
 a - a +0 whip of electrocution (weapon)
 s - a +0 mace of chaos
Armour
 b - a +2 leather armour (worn)
 g - a +0 buckler
Jewellery
 n - an amulet of reflection
Talismans
 h - a serpent talisman
Wands
 t - a wand of flame (14)
 v - a wand of light (5)
Scrolls
 f - a scroll of amnesia {unknown}
 j - a scroll of noise {unknown}
 m - a scroll of teleportation
 o - a scroll of fear {unknown}
 r - 2 scrolls of enchant armour {unknown}
Potions
 d - 3 potions of magic {unknown}
 e - 2 potions of ambrosia {unknown}
 i - 3 potions of lignification
 k - 3 potions of curing
 l - 2 potions of might {unknown}
 p - 2 potions of resistance {unknown}
 q - a potion of degeneration {unknown}
 u - a potion of invisibility {unknown}


   Skills:
 - Level 3.0 Fighting
 - Level 2.8 Maces & Flails
 - Level 1.0 Armour
 - Level 2.1 Dodging
 + Level 5.7 Shapeshifting


You knew the following spells:

 Your Spells              Type           Power      Damage    Failure   Level
a - Sandblast             Erth           0%         2d4       30%         1
b - Searing Ray           Conj           0%         2d4       41%         2
c - Passwall              Erth           0%         N/A       65%         3
Your spell library was empty.

Dungeon Overview and Level Annotations

Branches:
Dungeon (4/15)
 Temple: D:4-7

Altars:
Elyvilon

Shops:
D:1 (

Annotations:
D:4 Robin


Innate Abilities, Weirdness & Mutations

You are immune to sickness and miasma.
You are immune to poison.
Your flesh is very heat resistant. (rF++)
You are vulnerable to cold. (rC-)
You float through the air rather than walking.
You learn spells naturally, not from books.
Your magical power is your life essence.
You have superior vitality. (+4 MHP)
Your mind is acute. (Int +4, Str/Dex -1)
You are frail. (-10% HP)
You occasionally lose the ability to read scrolls when taking damage.


Message History

Robin roars a battlecry!
The goblin goes into a battle-frenzy!
You hit the goblin.
The goblin is severely wounded.
Robin says, "Bow before me, strongest of all the hobgoblins!"
Robin barely misses you. The goblin hits you with a +0 club.
You closely miss the goblin.
The goblin is severely wounded.
The goblin barely misses you.
Robin hits you from afar with a +0 spear.
* * * LOW HITPOINT WARNING * * *
Okay, then.
As you read the scroll of butterflies, it crumbles to dust.
You hear the flapping of tiny wings.
The goblin is knocked back by the sudden gust.
Robin is knocked back by the sudden gust.
The ribbon worm is knocked back by the sudden gust.
The goblin is knocked back by the sudden gust.
Unknown command.
Unknown command.
You barely miss the goblin.
The goblin is severely wounded.
The ribbon worm closely misses your butterfly.
The goblin completely misses you. Robin closely misses you.
Unknown command.
You closely miss the goblin.
The goblin is severely wounded.
The ribbon worm bites your butterfly!
Your butterfly dies!
Your butterfly disappears in a burst of colours!
The goblin closely misses you.
Robin hits you from afar with a +0 spear.
* * * LOW HITPOINT WARNING * * *
You closely miss the goblin.
The goblin is severely wounded.
The ribbon worm misses your butterfly.
Robin hits you from afar with a +0 spear.
* * * LOW HITPOINT WARNING * * *
The goblin hits you with a +0 club.
You die... .# ...## #...## #.b.##### #gb@gg#

##b##b#
#wb# # .
##.## ..#
#.b#
#..w####b##
.# #...#.b#
...###...##
#...###)#


You could see a ribbon worm (ally target), Robin (ally target) and 2 goblins.

Vanquished Creatures
  A hog (D:4)
  Menkaure (D:4)
  A bombardier beetle (D:3)
  An orc priest (D:3)
  A sleepcap (D:4)
  An orc wizard (D:3)
  3 gnolls
  2 adders
  A dart slug (D:4)
  A ribbon worm (D:2)
  3 orcs
  5 bats
  10 endoplasms
  2 giant cockroaches (D:1)
  11 goblins
  10 hobgoblins
  2 jackals (D:1)
  7 kobolds
  A quokka (D:1)
  8 ball pythons
  3 frilled lizards
  6 rats
81 creatures vanquished.

Notes
Turn   | Place    | Note
-------+----------+-------------------------------------------
     0 | D:1      | SnakkuSnakku7 the Djinni Chaos Knight began the quest for
                  | the Orb.
     0 | D:1      | Reached XP level 1. HP: 20/20 MP: 0/0
    89 | D:1      | XOM: silly message
    90 | D:1      | You are sucked into a shaft and drop 1 floor!
   136 | D:2      | Reached XP level 2. HP: 15/25 MP: 0/0
   183 | D:1      | XOM: divination: detect items
   232 | D:1      | Found Misagec's Weapon Shop.
   303 | D:1      | Reached skill level 1 in Shapeshifting
   347 | D:1      | Reached XP level 3. HP: 25/30 MP: 0/0
   347 | D:1      | Learned a level 1 spell: Sandblast
   932 | D:2      | XOM: potion effect (brilliance)
   960 | D:2      | Reached skill level 2 in Shapeshifting
   964 | D:2      | Reached XP level 4. HP: 22/35 MP: 0/0
  1055 | D:2      | XOM: stat loss: -1 Str (12/13)
  1059 | D:2      | XOM: give mutations
  1059 | D:2      | Gained mutation: You occasionally lose the ability to drink
                  | potions when taking damage. [Xom's mischief]
  1410 | D:3      | XOM: smoke on damage
  1498 | D:3      | XOM: draining
  1507 | D:3      | XOM: give mutations
  1507 | D:3      | Gained mutation: Your muscles are strong. (Str +4, Int/Dex
                  | -1) [Xom's mischief]
  1507 | D:3      | Lost mutation: You occasionally lose the ability to drink
                  | potions when taking damage. [Xom's mischief]
  1507 | D:3      | Gained mutation: You occasionally lose the ability to read
                  | scrolls when taking damage. [Xom's mischief]
  1966 | D:3      | Reached skill level 3 in Shapeshifting
  1966 | D:3      | Reached XP level 5. HP: 21/36 MP: 0/0
  1966 | D:3      | Learned a level 2 spell: Searing Ray
  2421 | D:4      | Found a white marble altar of Elyvilon.
  2436 | D:4      | Noticed Menkaure
  2442 | D:4      | XOM: butterfly on damage
  2443 | D:4      | Killed Menkaure
  2444 | D:4      | Reached skill level 4 in Shapeshifting
  2444 | D:4      | Reached XP level 6. HP: 25/46 MP: 0/0
  2456 | D:4      | Reached skill level 5 in Shapeshifting
  2548 | D:4      | XOM: give mutations
  2548 | D:4      | Gained mutation: You are frail. (-10% HP) [Xom's mischief]
  2548 | D:4      | Lost mutation: Your muscles are strong. (Str +4, Int/Dex
                  | -1) [Xom's mischief]
  2548 | D:4      | Gained mutation: Your mind is acute. (Int +4, Str/Dex -1)
                  | [Xom's mischief]
  2576 | D:4      | XOM: smoke on damage
  2578 | D:4      | a gnoll changed into a hog
  2578 | D:4      | Noticed a hog
  2578 | D:4      | XOM: polymorph gnoll -> hog
  2579 | D:4      | XOM: noise
  2588 | D:4      | XOM: confusion
  2595 | D:4      | XOM: enchant monster (good)
  2596 | D:4      | Killed a hog
  2597 | D:4      | Reached XP level 7. HP: 6/45 MP: 0/0
  2597 | D:4      | Learned a level 3 spell: Passwall
  2728 | D:4      | Noticed Robin
  2743 | D:4      | Slain by a goblin

Illustrated notes

Levels and vault maps discovered:
D:1:      minmay_arrival_glassed_features, layout_loops_ring, serial_shops,
          nicolae_shop_bloodbath_and_beyond, minmay_worlds_worst_comb
D:2:      layout_loops_ring
D:3:      layout_loops_corners
D:4:      minmay_skewed_foursquare, layout_loops_ring, elyvilon_altar_1,
          minmay_temple_entry_waves, portal_sewer_entry_e, uniq_robin,
          uniq_menkaure

Skill      XL: |  1  2  3  4  5  6 |
---------------+-------------------+-----
Shapeshifting  | 1 2 3 4 5 |  5.7
Fighting       | |  3.0
Maces & Flails | |  2.8
Armour         | |  1.0
Dodging        | |  2.1

Action                     |  1- 3 |  4- 6 |  7- 9 || total
---------------------------+-------+-------+-------++-------
  Melee: Mace              |   102 |    78 |       ||   180
         Punch             |       |     2 |       ||     2
         Whip              |       |    54 |    50 ||   104
  Evoke: Wand              |       |     4 |       ||     4
    Use: Scroll            |       |     3 |     1 ||     4
         Potion            |       |     1 |       ||     1
   Stab: Sleeping          |     4 |     1 |       ||     5
         Confused          |     1 |       |       ||     1
 Armour: Leather armour    |    73 |    83 |    22 ||   178
  Dodge: Dodged            |    54 |    84 |    28 ||   166
